Map: Lerilak Crest

Players

person - Winner!

  • Race: Terran Terran
  • League: Bronze

wabbajack

  • Race: Zerg Zerg
  • League: Gold

VOD

Have the link to the VOD?

Description

Time

  • Played on: July 17, 2015, 3:44 p.m.
  • Length: 8:21
Show
View Real Time Build Order
Export as new Build Order

person Terran - Winner!

Build Orders: MMM Bio 

Get SALT Encoding   

  12  0:01  SCV  
  13  0:13  SCV  
  14  0:18  Supply Depot  
  14  0:25  SCV  
  15  0:39  SCV  
  15  0:42  Barracks  
  16  0:48  Refinery  
  16  0:51  SCV  
  17  1:00  Supply Depot  
  17  1:03  SCV  
  18  1:16  SCV  
  19  1:35  Reaper  
  19  1:38  Orbital Command  
  20  1:46  Barracks x2  
  20  2:04  SCV  
  21  2:09  Barracks Reactor, Supply Depot  
  21  2:16  SCV  
  22  2:28  SCV  
  23  2:31  Supply Depot  
  23  2:37  Marine x2  
  25  2:49  Command Center  
  25  2:51  Marine  
  25  2:52  Marine  
  25  2:55  Marine  
  27  3:07  Marine  
  27  3:09  Marine x2  
  30  3:16  SCV, Barracks Reactor  
  31  3:27  Supply Depot, Marine x2  
  31  3:28  SCV, Refinery, Supply Depot  
  34  3:34  Barracks Tech Lab  
  34  3:41  SCV  
  34  3:45  Marine x2  
  37  4:00  SCV  
  37  4:02  Stimpack, Marine  
  38  4:03  Marine  
  38  4:04  Marine x2, Marauder  
  38  4:07  SCV  
  45  4:20  Marine  
  45  4:21  SCV, Factory  
  48  4:24  Marine  
  48  4:25  Marine x2  
  48  4:27  Marauder  
  52  4:32  Orbital Command  
  52  4:38  Marine  
  52  4:42  Marine  
  52  4:43  Marine  
  55  4:48  Marine x2  
  55  4:51  SCV  
  58  4:56  Marine  
  59  5:00  SCV, Marine x2  
  59  5:03  SCV  
  59  5:05  Starport  
  59  5:06  Marine  
  64  5:07  Factory Reactor  
  64  5:10  Marine  
  64  5:12  SCV  
  66  5:16  SCV  
  67  5:30  Marine  
  67  5:31  Marine x3  
  70  5:44  Marauder  
  71  5:57  Factory Reactor  
  71  5:59  Marine x2  
  71  6:00  Marine x2  
  71  6:02  Command Center, Combat Shields  
  73  6:05  Marine  
  73  6:07  Factory  
  73  6:08  SCV  
  73  6:09  Armory, Factory  
  73  6:10  SCV  
  76  6:17  Marine  
  77  6:25  Refinery  
  77  6:27  Medivac  
  74  6:36  SCV x2  
  66  6:48  SCV  
  66  6:49  Marine x2  
  66  6:50  Marine x3  
  66  6:51  Medivac  
  74  6:57  Medivac  
  74  7:00  SCV, Widow Mine  
  78  7:13  SCV  
  78  7:14  Orbital Command  
  77  7:47  Marine x5  
Show
View Real Time Build Order
Export as new Build Order

wabbajack Zerg 

Build Orders: Hatch First, Zergling Baneling 

Get SALT Encoding   

  12  0:01  Drone  
  13  0:14  Overlord  
  13  0:18  Drone  
  14  0:24  Extractor  
  14  0:26  Drone, Extractor  
  13  0:30  Drone  
  16  0:36  Drone  
  17  0:56  Hatchery  
  16  1:04  Drone x2  
  17  1:07  Extractor  
  17  1:09  Drone  
  18  1:22  Spawning Pool  
  17  1:36  Drone x2  
  19  1:43  Overlord  
  19  2:03  Drone x2  
  21  2:16  Spine Crawler  
  21  2:20  Queen  
  21  2:21  Queen  
  24  2:25  Spine Crawler  
  24  2:26  Metabolic Boost  
  23  2:34  Baneling Nest  
  22  2:42  Zergling x2  
  22  2:43  Zergling x2  
  24  2:59  Overlord  
  23  3:18  Zergling x2  
  23  3:19  Zergling x6  
  27  3:22  Pneumatized Carapace  
  27  3:26  Drone x2  
  29  4:01  Zergling x6  
  32  4:03  Zergling x2  
  33  4:12  Zergling x2  
  34  4:18  Baneling x2  
  34  4:29  Overlord x2  
  34  4:30  Drone  
  39  4:31  Drone x4  
  39  4:35  Baneling x3  
  39  4:36  Baneling  
  35  4:59  Baneling x2  
  35  5:03  Zergling x4  
  37  5:08  Drone x7  
  44  5:21  Hatchery  
  41  6:05  Baneling x2  
  36  6:47  Lair  
  36  6:48  Roach Warren  
  36  6:49  Extractor  
  36  6:51  Queen  
  36  6:52  Queen  
  38  6:57  Overlord x3  
  38  6:58  Overlord  
  38  6:59  Zergling x2  
  38  7:00  Zergling x18  
  47  7:09  Hatchery, Drone x3  
  47  7:13  Spine Crawler  
  47  7:14  Spine Crawler, Extractor  
  46  7:17  Spine Crawler, Extractor  
  46  7:20  Baneling x5  
  34  7:47  Zergling x2  
  34  7:48  Zergling x32  
Tags
 
Add a new tag
Caveats
  • Supply blocks, unpowered buildings, or Contaminate may cause inaccurate times.
  • Supply counts are checked every 10 seconds.